3L
QUEBEC CITY LES BLEUS @ KINGSTON TOWNSHIP LEGION
08/29/2032
 
TOP OF THE 1ST
Quebec City Les Bleus batting - Pitching for Kingston Township Legion : LHP José Sipe
Pitching: LHP José Sipe
Batting: RHB Jorge Salgado 0-0: Ball
1-0: Foul Ball, location: 2F
1-1: Ball
2-1: Called Strike
2-2: Ball
3-2: SINGLE (Flyball, 7S)
Batting: SHB Luis Manuel Flores 0-0: Ball
1-0: SINGLE (Groundball, 56D)
Jorge Salgado to second
Batting: LHB Jeff Simpson 0-0: Foul Ball, location: 2F
0-1: Ball
1-1: DOUBLE (Line Drive, 9LS)
Jorge Salgado scores
Luis Manuel Flores to third
Batting: RHB Jack Bonner 0-0: Called Strike
0-1: SINGLE (Flyball, 78S)
Luis Manuel Flores scores
Jeff Simpson to third
Batting: LHB Scott Janousek 0-0: Swinging Strike
Passed Ball!
Jeff Simpson scores
Jack Bonner to second
0-1: Called Strike
0-2: Ball
1-2: Strikes out looking
Batting: RHB Kumanosuke Asano 0-0: Foul Ball, location: 2F
0-1: Ball
1-1: Foul Ball, location: 2F
1-2: Ground out 5-3 (Groundball, 5S)
Jack Bonner to third
Batting: RHB Cam MacIntosh 0-0: Ball
Wild Pitch!
Jack Bonner scores
1-0: Called Strike
1-1: Foul Ball, location: 2F
1-2: Foul Ball, location: 2F
1-2: Ball
2-2: SINGLE (Line Drive, 8LS)
Batting: RHB Reg Spiers 0-0: SINGLE (Line Drive, 8LS)
Cam MacIntosh to second
Batting: RHB Stan Pagnotta 0-0: Called Strike
0-1: Ball
1-1: Ball
2-1: Foul Ball, location: 2F
2-2: Ball
3-2: Fly out, F9 (Line Drive, 9D)
Top of the 1st over - 4 runs, 6 hits, 0 errors, 2 left on base; Quebec City 4 - Kingston Township 0
BOTTOM OF THE 1ST
Kingston Township Legion batting - Pitching for Quebec City Les Bleus : RHP Michael Machen
Pitching: RHP Michael Machen
Batting: RHB Juanito González 0-0: Foul Ball, location: 2F
0-1: Foul Ball, location: 2F
0-2: Ball
1-2: Foul Ball, location: 2F
1-2: Ball
2-2: Ground out 6-3 (Groundball, 6)
Batting: RHB Alfredo Cardenas 0-0: Ball
1-0: Ball
2-0: Called Strike
2-1: Called Strike
2-2: Ball
3-2: Base on Balls
Batting: LHB Terrence Eler 0-0: Fly out, F8 (Flyball, 8RD)
Batting: RHB Ron Bernard 0-0: Called Strike
Alfredo Cardenas steals 2nd base
0-1: Ball
1-1: Ball
2-1: Swinging Strike
2-2: Foul Ball, location: 2F
2-2: DOUBLE (Line Drive, 7LM)
Alfredo Cardenas scores
Batting: RHB Scott Robertson 0-0: Ground out 5-3 (Groundball, 5S)
Bottom of the 1st over - 1 run, 1 hit, 0 errors, 1 left on base; Quebec City 4 - Kingston Township 1
TOP OF THE 2ND
Quebec City Les Bleus batting - Pitching for Kingston Township Legion : LHP José Sipe
Batting: RHB Jorge Salgado 0-0: Ground out 4-3 (Groundball, 4)
Batting: SHB Luis Manuel Flores 0-0: Foul Ball, location: 2F
0-1: Ball
1-1: Foul Ball, location: 2F
1-2: Foul Ball, location: 2F
1-2: Ball
2-2: Ball
3-2: Fly out, F3 (Line Drive, 3)
Batting: LHB Jeff Simpson 0-0: Fly out, F7 (Flyball, 7D)
Top of the 2nd over - 0 runs, 0 hits, 0 errors, 0 left on base; Quebec City 4 - Kingston Township 1
BOTTOM OF THE 2ND
Kingston Township Legion batting - Pitching for Quebec City Les Bleus : RHP Michael Machen
Batting: LHB Mike Gardner 0-0: Called Strike
0-1: Ball
1-1: Ball
2-1: Ball
3-1: Swinging Strike
3-2: Strikes out swinging
Batting: RHB Júlio Rodríguez 0-0: Ball
1-0: Ball
2-0: Foul Ball, location: 2F
2-1: Foul Ball, location: 2F
2-2: Foul Ball, location: 2F
2-2: Ball
3-2: Ground out 3-1 (Groundball, 34)
Batting: LHB Ruben Yim 0-0: Called Strike
0-1: Ball
1-1: Foul Ball, location: 2F
1-2: Strikes out swinging
Bottom of the 2nd over - 0 runs, 0 hits, 0 errors, 0 left on base; Quebec City 4 - Kingston Township 1
TOP OF THE 3RD
Quebec City Les Bleus batting - Pitching for Kingston Township Legion : LHP José Sipe
Batting: RHB Jack Bonner 0-0: SINGLE (Flyball, 9LS)
Batting: LHB Scott Janousek 0-0: Ball
1-0: Fly out, F9 (Flyball, 9S)
Batting: RHB Kumanosuke Asano 0-0: Foul Ball, location: 2F
0-1: Swinging Strike
0-2: Fly out, F8 (Flyball, 8RD)
Batting: RHB Cam MacIntosh 0-0: Ball
1-0: Called Strike
1-1: Swinging Strike
1-2: Ball
2-2: Ball
3-2: Base on Balls
Jack Bonner to second
Batting: RHB Reg Spiers 0-0: Ball
1-0: Ball
2-0: Ball
3-0: Called Strike
3-1: Base on Balls
Jack Bonner to third
Cam MacIntosh to second
Batting: RHB Stan Pagnotta 0-0: Called Strike
0-1: Fielders Choice at 2nd, 6-4 (Groundball, 6)
Top of the 3rd over - 0 runs, 1 hit, 0 errors, 3 left on base; Quebec City 4 - Kingston Township 1
BOTTOM OF THE 3RD
Kingston Township Legion batting - Pitching for Quebec City Les Bleus : RHP Michael Machen
Batting: RHB José Icaza 0-0: Called Strike
0-1: Foul Ball, location: 2F
0-2: Ball
1-2: Strikes out swinging
Batting: RHB Juanito González 0-0: Ball
1-0: Foul Ball, location: 2F
1-1: Foul Ball, location: 2F
1-2: Ball
2-2: SINGLE (Groundball, 4MD)
Batting: RHB Alfredo Cardenas 0-0: Ball
1-0: Ball
2-0: Grounds into double play, 6-4-3 (Groundball, 6)
Bottom of the 3rd over - 0 runs, 1 hit, 0 errors, 0 left on base; Quebec City 4 - Kingston Township 1
TOP OF THE 4TH
Quebec City Les Bleus batting - Pitching for Kingston Township Legion : LHP José Sipe
Batting: RHB Jorge Salgado 0-0: Ball
1-0: Foul Ball, location: 2F
1-1: Ground out 4-3 (Groundball, 34)
Batting: SHB Luis Manuel Flores 0-0: Called Strike
0-1: Ground out 6-3 (Groundball, 6)
Batting: LHB Jeff Simpson 0-0: Fly out, F2 (Popup, 2RF)
Top of the 4th over - 0 runs, 0 hits, 0 errors, 0 left on base; Quebec City 4 - Kingston Township 1
BOTTOM OF THE 4TH
Kingston Township Legion batting - Pitching for Quebec City Les Bleus : RHP Michael Machen
Batting: LHB Terrence Eler 0-0: Foul Ball, location: 2F
0-1: Ball
1-1: Ball
2-1: Called Strike
2-2: Ball
3-2: Ground out 4-3 (Groundball, 4D)
Batting: RHB Ron Bernard 0-0: Ball
1-0: Called Strike
1-1: SINGLE (Line Drive, 7S)
Batting: RHB Scott Robertson 0-0: Foul Ball, location: 2F
0-1: Called Strike
0-2: Strikes out swinging
Batting: LHB Mike Gardner 0-0: Ball
1-0: Called Strike
Ron Bernard steals 2nd base
1-1: Fly out, F7 (Line Drive, 7)
Bottom of the 4th over - 0 runs, 1 hit, 0 errors, 1 left on base; Quebec City 4 - Kingston Township 1
TOP OF THE 5TH
Quebec City Les Bleus batting - Pitching for Kingston Township Legion : LHP José Sipe
Batting: RHB Jack Bonner 0-0: SOLO HOME RUN (Line Drive, 7LD), Distance : 389 ft
Batting: LHB Scott Janousek 0-0: Ball
1-0: Foul Ball, location: 2F
1-1: Ball
2-1: Foul Ball, location: 2F
2-2: Ball
3-2: Fly out, F9 (Line Drive, 9)
Batting: RHB Kumanosuke Asano 0-0: Ball
1-0: Foul Ball, location: 2F
1-1: Swinging Strike
1-2: Ground out 5-3 (Groundball, 56)
Batting: RHB Cam MacIntosh 0-0: Fly out, F8 (Flyball, 8RM)
Top of the 5th over - 1 run, 1 hit, 0 errors, 0 left on base; Quebec City 5 - Kingston Township 1
BOTTOM OF THE 5TH
Kingston Township Legion batting - Pitching for Quebec City Les Bleus : RHP Michael Machen
Batting: RHB Júlio Rodríguez 0-0: Foul Ball, location: 2F
0-1: Ball
1-1: Ball
2-1: Foul Ball, location: 2F
2-2: Foul Ball, location: 2F
2-2: Fly out, F5 (Line Drive, 5L)
Batting: LHB Ruben Yim 0-0: Called Strike
0-1: Ball
1-1: Ball
2-1: Ball
3-1: Base on Balls
Batting: RHB José Icaza 0-0: Ball
Ruben Yim steals 2nd base
1-0: Called Strike
1-1: Foul Ball, location: 2F
1-2: Ground out 6-3 (Groundball, 6M)
Ruben Yim to third
Batting: RHB Juanito González 0-0: Called Strike
0-1: Foul Ball, location: 2F
0-2: Foul Ball, location: 2F
0-2: Ball
1-2: Ground out 4-3 (Groundball, 4)
Bottom of the 5th over - 0 runs, 0 hits, 0 errors, 1 left on base; Quebec City 5 - Kingston Township 1
TOP OF THE 6TH
Quebec City Les Bleus batting - Pitching for Kingston Township Legion : LHP José Sipe
Batting: RHB Reg Spiers 0-0: Called Strike
0-1: Fly out, F7 (Flyball, 7LSF)
Batting: RHB Stan Pagnotta 0-0: Foul Ball, location: 2F
0-1: Called Strike
0-2: Strikes out looking
Batting: RHB Jorge Salgado 0-0: Called Strike
0-1: Ball
1-1: Ball
2-1: Fly out, F7 (Flyball, 7D)
Top of the 6th over - 0 runs, 0 hits, 0 errors, 0 left on base; Quebec City 5 - Kingston Township 1
BOTTOM OF THE 6TH
Kingston Township Legion batting - Pitching for Quebec City Les Bleus : RHP Michael Machen
Batting: RHB Alfredo Cardenas 0-0: Ball
1-0: Foul Ball, location: 2F
1-1: SINGLE (Groundball, 6MD)
Batting: LHB Terrence Eler 0-0: Ball
1-0: Ball
2-0: Foul Ball, location: 2F
2-1: Foul Ball, location: 2F
2-2: SINGLE (Line Drive, 56D)
Alfredo Cardenas to second
Batting: RHB Ron Bernard 0-0: Ball
1-0: Foul Ball, location: 2F
1-1: Ball
2-1: Ball
3-1: Foul Ball, location: 2F
3-2: Ground out 3-1 (Groundball, 34S)
Alfredo Cardenas to third
Terrence Eler to second
Pitching: RHP José Barquero
Batting: RHB Scott Robertson 0-0: Ball
1-0: Foul Ball, location: 2F
1-1: Foul Ball, location: 2F
1-2: Strikes out swinging
Batting: LHB Mike Gardner 0-0: Called Strike
0-1: SINGLE (Line Drive, 78S)
Alfredo Cardenas scores
Terrence Eler to third
Batting: RHB Júlio Rodríguez 0-0: Ball
1-0: Fielders Choice at 2nd, 5-4 (Groundball, 56)
Bottom of the 6th over - 1 run, 3 hits, 0 errors, 2 left on base; Quebec City 5 - Kingston Township 2
TOP OF THE 7TH
Quebec City Les Bleus batting - Pitching for Kingston Township Legion : LHP José Sipe
Batting: SHB Luis Manuel Flores 0-0: SINGLE (Line Drive, 8LS)
Batting: LHB Jeff Simpson 0-0: Called Strike
0-1: Ball
1-1: SINGLE (Groundball, 4MD)
Luis Manuel Flores to second
Batting: RHB Jack Bonner 0-0: SINGLE (Line Drive, 89M)
Luis Manuel Flores to third
Jeff Simpson to second
Batting: LHB Scott Janousek 0-0: Called Strike
0-1: Ball
1-1: DOUBLE (Line Drive, 8RD)
Luis Manuel Flores scores
Jeff Simpson scores
Jack Bonner to third
Pitching: RHP Francisco García
Batting: RHB Kumanosuke Asano 0-0: Ball
1-0: Foul Ball, location: 2F
1-1: Foul Ball, location: 2F
1-2: Strikes out looking
Batting: RHB Cam MacIntosh 0-0: Foul Ball, location: 2F
0-1: Ball
1-1: Foul Ball, location: 2F
1-2: Strikes out swinging
Batting: RHB Reg Spiers 0-0: SINGLE (Flyball, 8RS)
Jack Bonner scores
Scott Janousek to third
Runner from 3rd tries for Home, SAFE, throw made home
Batting: RHB Stan Pagnotta 0-0: Called Strike
0-1: SINGLE (Line Drive, 7S)
Reg Spiers to second
Batting: RHB Jorge Salgado 0-0: Called Strike
0-1: Foul Ball, location: 2F
0-2: Foul Ball, location: 2F
0-2: Ground out 5-3 (Groundball, 56S)
Top of the 7th over - 4 runs, 6 hits, 0 errors, 2 left on base; Quebec City 9 - Kingston Township 2
BOTTOM OF THE 7TH
Kingston Township Legion batting - Pitching for Quebec City Les Bleus : RHP José Barquero
Batting: LHB Ruben Yim 0-0: Swinging Strike
0-1: Ball
1-1: Called Strike
1-2: Fly out, F4 (Popup, 3DF)
Batting: RHB José Icaza 0-0: Ball
1-0: Ball
2-0: SINGLE (Line Drive, 78S)
Batting: RHB Juanito González 0-0: Ball
1-0: Called Strike
1-1: Ball
2-1: Ball
3-1: Base on Balls
José Icaza to second
Batting: RHB Alfredo Cardenas 0-0: Ball
1-0: SINGLE (Line Drive, 6D)
José Icaza to third
Juanito González to second
Batting: LHB Terrence Eler 0-0: Foul Ball, location: 2F
0-1: Foul Ball, location: 2F
0-2: Ball
1-2: Foul Ball, location: 2F
1-2: Ball
2-2: SINGLE (Line Drive, 56D)
José Icaza scores
Juanito González to third
Alfredo Cardenas to second
Runner from 3rd tries for Home, SAFE, throw made home
Batting: RHB Ron Bernard 0-0: Foul Ball, location: 2F
0-1: Called Strike
0-2: 3-RUN HOME RUN (Flyball, 7LD), Distance : 368 ft
Pitching: RHP Stanley Eldrige
Batting: RHB Scott Robertson 0-0: Called Strike
0-1: Ball
1-1: Swinging Strike
1-2: Foul Ball, location: 2F
1-2: Ball
2-2: Ball
3-2: Foul Ball, location: 2F
3-2: Base on Balls
Batting: LHB Mike Gardner 0-0: Swinging Strike
0-1: Called Strike
0-2: Fly out, F9 (Flyball, 9LSF)
Batting: RHB Júlio Rodríguez 0-0: Ball
1-0: Called Strike
1-1: Foul Ball, location: 2F
1-2: Foul Ball, location: 2F
1-2: Strikes out swinging
Bottom of the 7th over - 5 runs, 4 hits, 0 errors, 1 left on base; Quebec City 9 - Kingston Township 7
TOP OF THE 8TH
Quebec City Les Bleus batting - Pitching for Kingston Township Legion : RHP Francisco García
Batting: SHB Luis Manuel Flores 0-0: Ball
1-0: Ball
2-0: Swinging Strike
2-1: Ground out 6-3 (Groundball, 6)
Batting: LHB Jeff Simpson 0-0: Ball
1-0: Ball
2-0: Ground out 4-3 (Groundball, 4)
Batting: RHB Jack Bonner 0-0: Fly out, F5 (Popup, 56S)
Top of the 8th over - 0 runs, 0 hits, 0 errors, 0 left on base; Quebec City 9 - Kingston Township 7
BOTTOM OF THE 8TH
Kingston Township Legion batting - Pitching for Quebec City Les Bleus : RHP Stanley Eldrige
Batting: LHB Ruben Yim 0-0: Called Strike
0-1: Swinging Strike
0-2: Foul Ball, location: 2F
0-2: Ball
1-2: Ball
2-2: Reached via error on a dropped throw, E3
Batting: RHB José Icaza 0-0: Ball
1-0: SINGLE (Popup, P)
Ruben Yim to second
Batting: RHB Juanito González 0-0: Foul Ball, location: 2F
0-1: Ball
1-1: Swinging Strike
1-2: SINGLE (Groundball, 56D)
Ruben Yim to third
José Icaza to second
Batting: RHB Alfredo Cardenas 0-0: Called Strike
0-1: Fly out, F7 (Flyball, 7D)
Runner from 3rd tags up, SCORES, throw made
Pitching: LHP Travis Grant
Batting: LHB Terrence Eler 0-0: Ball
1-0: Called Strike
1-1: Grounds into double play, 1-6-3 (Groundball, 13S)
Bottom of the 8th over - 1 run, 2 hits, 1 error, 1 left on base; Quebec City 9 - Kingston Township 8
TOP OF THE 9TH
Quebec City Les Bleus batting - Pitching for Kingston Township Legion : RHP Francisco García
Pitching: RHP John Riggleman
Batting: LHB Scott Janousek 0-0: Ball
1-0: Called Strike
1-1: Ball
2-1: Foul Ball, location: 2F
2-2: Foul Ball, location: 2F
2-2: Ball
3-2: Ground out 4-3 (Groundball, 4)
Batting: RHB Kumanosuke Asano 0-0: Ball
1-0: Ball
2-0: Called Strike
2-1: Called Strike
2-2: Ball
3-2: Strikes out swinging
Batting: RHB Cam MacIntosh 0-0: Ground out 4-3 (Groundball, 4)
Top of the 9th over - 0 runs, 0 hits, 0 errors, 0 left on base; Quebec City 9 - Kingston Township 8
BOTTOM OF THE 9TH
Kingston Township Legion batting - Pitching for Quebec City Les Bleus : LHP Travis Grant
Pitching: RHP Matt Digby
Batting: RHB Ron Bernard 0-0: Called Strike
0-1: Foul Ball, location: 2F
0-2: Ball
1-2: Strikes out swinging
Batting: RHB Scott Robertson 0-0: Called Strike
0-1: Foul Ball, location: 2F
0-2: Ball
1-2: Ball
2-2: Strikes out swinging
Batting: LHB Mike Gardner 0-0: Ball
1-0: Foul Ball, location: 2F
1-1: Foul Ball, location: 2F
1-2: Foul Ball, location: 2F
1-2: Ball
2-2: Fly out, F5 (Popup, 56)
Bottom of the 9th over - 0 runs, 0 hits, 0 errors, 0 left on base; Quebec City 9 - Kingston Township 8
Wednesday, September 19th, 2018 - OOTP Baseball 18.8 Build 76